 Dungeon Crawl Stone Soup version 0.27.1-1-g398f81649c (webtiles) character file.

Game seed: 16861612735940497146

106 loralnil the Insei (level 4, 0/35 HPs)
             Began as a Draconian Transmuter on Sept 13, 2021.
             Succumbed to an adder's poison
             ... on level 2 of the Dungeon.
             The game lasted 00:02:25 (1926 turns).

loralnil the Insei (Draconian Transmuter)           Turns: 1926, Time: 00:02:26

Health: 0/35       AC:  5    Str: 12    XL:     4   Next: 55%
Magic:  7/8        EV: 12    Int: 14    God:
Gold:   78         SH:  0    Dex: 12    Spells: 3/9 levels left

rFire    . . .     SeeInvis .     - Unarmed
rCold    . . .     Faith    .   (no shield)
rNeg     . . .     Spirit   .   (armour unavailable)
rPois    .         Reflect  .   (helmet currently unavailable)
rElec    .         Harm     .   (no cloak)
rCorr    .         Rampage  .   (no gloves)
Will     .....                  (boots currently unavailable)
Stlth    +.........             (no amulet)
HPRegen  0.11/turn              (no ring)
MPRegen  0.11/turn              (no ring)

@: lethally poisoned (0 -> -2), appendages
A: horns 2, talons 2, AC +5, unfitting armour, cold-blooded
a: End Transformation


You were on level 2 of the Dungeon.
You had temporarily grown beastly horns and talons.
You visited 1 branch of the dungeon, and saw 2 of its levels.

You collected 78 gold pieces.

Inventory:

Potions
 a - a potion of attraction {unknown}
 b - a potion of degeneration {unknown}
 d - a potion of invisibility {unknown}


   Skills:
 - Level 1.4 Fighting
 - Level 1.8 Dodging
 + Level 3.9 Unarmed Combat
 + Level 3.0 Spellcasting
 + Level 3.1 Transmutations


You had 3 spell levels left.
You knew the following spells:

 Your Spells              Type           Power      Damage    Failure   Level
a - Beastly Appendage     Tmut           20%        N/A       6%          1
b - Wereblood             Tmut           10%        N/A       9%          2
c - Spider Form           Tmut/Pois      3%         N/A       34%         3

Your spell library contained the following spells:

 Spells                   Type           Power      Damage    Failure   Level
 Sting                    Tmut/Pois      24%        1d4       12%         1
 Ice Form                 Ice/Tmut       6%         N/A       75%         4


Dungeon Overview and Level Annotations

Branches:
Dungeon (2/15)

Altars:


Innate Abilities, Weirdness & Mutations

You have temporarily grown beastly horns and talons.
Your plain brown scales are hard. (AC +5)
You cannot fit into any form of body armour.
You are cold-blooded and may be slowed by cold attacks.


Message History

Your transformation is almost over.
A worm comes into view.
An adder comes into view.
You barely miss the worm. You claw the worm. You tail-slap the worm.
The worm is moderately wounded.
You hit the worm.
Your tail-slap misses the worm.
The worm is heavily wounded.
The worm completely misses you.
You hit the worm. You headbutt the worm. You tail-slap the worm.
You kill the worm!
Your Spellcasting skill increases to level 3!
The adder hisses angrily.
The worm barely misses you.
You punch the worm!
The worm is moderately wounded.
Your horns disappear.
Your talons disappear.
You hit the adder but do no damage. The adder bites you.
You are poisoned.
The adder poisons you! The worm bites you.
You feel sick.
Casting: Beastly Appendage (safe; 6% risk of failure)
Confirm with . or Enter, or press ? or * to list all spells.
You grow a pair of large bovine horns.
Your feet morph into talons.
You feel sick. The adder bites you.
You are more poisoned.
The adder poisons you! The adder bites you.
You barely miss the adder. Your kick misses the adder. You tail-slap the adder.
The adder is moderately wounded.
You feel sick. The adder bites you but does no damage. The worm bites you.
You closely miss the adder. Your kick misses the adder.
The adder is moderately wounded.
You feel sick. The adder barely misses you.
You closely miss the adder. Your kick misses the adder.
Your headbutt misses the adder.
The adder is moderately wounded.
You feel sick. The adder closely misses you. The worm bites you!
* * * LOW HITPOINT WARNING * * *
You barely miss the adder.
The adder is moderately wounded.
You die...

#.#. ##.#.# #.# #.#.#
#.#.###...###
#.#..........
#.######)>###
############.#######.#
#..................#.#
#............#####.#.#
#.....S@.....# #.#.#
#.....w......# #.#.#
#......:.....# #.#.#
#............# #.#.#
#........?...# #.#.#
#............# #.#.#
#............# #.#.#
############## #.#.###
#.#....


You could see a worm and an adder.

Vanquished Creatures
  Natasha (twice) (D:2)
  An adder (D:2)
  A worm (D:2)
  3 dart slugs
  2 bats
  3 endoplasms
  3 giant cockroaches
  5 goblins
  4 hobgoblins
  2 quokkas
  3 ball pythons (D:1)
  3 frilled lizards
  3 kobolds
  4 rats
39 creatures vanquished.

Vanquished Creatures (others)
  A fungus (D:1)
1 creature vanquished.

Grand Total: 40 creatures vanquished

Notes
Turn   | Place    | Note
-------+----------+-------------------------------------------
     0 | D:1      | loralnil the Draconian Transmuter began the quest for the
                  | Orb.
     0 | D:1      | Reached XP level 1. HP: 16/16 MP: 3/3
   289 | D:1      | You fall into a shaft and drop 1 floor!
   324 | D:1      | Reached XP level 2. HP: 23/23 MP: 1/5
   392 | D:1      | Learned a level 2 spell: Wereblood
   894 | D:1      | Found a faded altar of an unknown god.
   898 | D:1      | Got Plato's Compendium of Venom
   980 | D:1      | Reached XP level 3. HP: 24/28 MP: 4/6
   984 | D:1      | Learned a level 3 spell: Spider Form
  1151 | D:2      | Noticed Natasha
  1168 | D:2      | Killed Natasha
  1687 | D:2      | Noticed Natasha
  1695 | D:2      | Killed Natasha
  1696 | D:2      | Reached XP level 4. HP: 24/35 MP: 6/8
  1925 | D:2      | HP: 1/35 [worm (10)]
  1926 | D:2      | Succumbed to an adder's poison

Illustrated notes

Levels and vault maps discovered:
D:1:      minmay_arrival_arboretum_small, layout_basic,
          shapermc_ecumenical_altar_rom_forum
D:2:      layout_basic, uniq_natasha

Skill      XL: |  1  2  3  4 |
---------------+-------------+-----
Transmutations | 3 |  3.1
Spellcasting   | 3 |  3.0
Fighting       | |  1.4
Dodging        | |  1.8
Unarmed Combat | |  3.9

Action                   |  1- 3 |  4- 6 || total
-------------------------+-------+-------++-------
Melee: Unarmed           |    89 |    22 ||   111
       Kick              |    12 |     2 ||    14
       Tailslap          |    11 |     3 ||    14
       Headbutt          |     9 |     4 ||    13
       Punch             |     1 |       ||     1
 Cast: Beastly Appendage |    22 |     4 ||    26
  Use: Scroll            |       |     2 ||     2
Armor: Skin              |    19 |     7 ||    26
Dodge: Dodged            |    47 |    10 ||    57
